 Dungeon Crawl Stone Soup version 0.29.1-13-g9f3cf754e1 (webtiles) character file.

Game seed: 13715612561636488948

3154 hbarley the Cleaver (level 9, -3/79 HPs)
             Began as a Hill Orc Fighter on Feb 3, 2023.
             Was a Priest of Uskayaw.
             Slain by an orc warrior
             ... wielding a +0 short sword
              (6 damage)
             ... on level 8 of the Dungeon.
             The game lasted 00:17:31 (9096 turns).

hbarley the Cleaver (Hill Orc Fighter)              Turns: 9096, Time: 00:17:31

Health: -3/79      AC: 18    Str: 21    XL:     9   Next: 93%
Magic:  9/9        EV:  4    Int: 14    God:    Uskayaw [***...]
Gold:   419        SH:  5    Dex: 12    Spells: 8/8 levels left

rFire   . . .      SeeInvis .   a - +0 war axe
rCold   . . .      Faith    .   c - +0 buckler
rNeg    . . .      Spirit   .   L - +0 crystal plate armour
rPois   +          Reflect  .   (no helmet)
rElec   .          Harm     .   (no cloak)
rCorr   .          Rampage  .   (no gloves)
Will    .....                   (no boots)
Stlth   ..........              G - amulet of the acrobat
HPRegen 0.23/turn               j - +6 ring of intelligence
MPRegen 0.11/turn               u - ring of poison resistance

@: no status effects
A: no striking features
a: Renounce Religion, Convert to Beogh, Stomp, Line Pass


You were on level 8 of the Dungeon.
You worshipped Uskayaw.
Uskayaw was noncommittal.
You visited 1 branch of the dungeon, and saw 8 of its levels.

You collected 419 gold pieces.

Inventory:

Hand Weapons
 a - a +0 war axe (weapon)
Missiles
 A - a throwing net (quivered)
Armour
 b - a +0 scale mail
 c - a +0 buckler (worn)
 L - a +0 crystal plate armour (worn)
Jewellery
 i - an amulet of faith
 j - a +6 ring of intelligence (left hand)
 k - a ring of fire
 u - a ring of poison resistance (right hand)
 G - an amulet of the acrobat (around neck)
 N - a ring of ice
Wands
 o - a wand of flame (4)
 v - a wand of acid (5)
 C - a wand of digging (4)
 F - a wand of roots (18)
Scrolls
 e - 5 scrolls of identify
 f - a scroll of fog {unknown}
 g - 2 scrolls of vulnerability
 h - 3 scrolls of poison {unknown}
 r - a scroll of enchant weapon {unknown}
 s - 3 scrolls of fear {unknown}
 w - 2 scrolls of teleportation {unknown}
 x - 2 scrolls of amnesia {unknown}
 y - 2 scrolls of brand weapon {unknown}
 I - a scroll of acquirement {unknown}
 J - a scroll of noise {unknown}
Potions
 d - a potion of might
 l - a potion of heal wounds {unknown}
 m - a potion of attraction {unknown}
 n - 7 potions of curing
 p - a potion of lignification {unknown}
 q - 2 potions of haste
 t - a potion of mutation {unknown}
 z - a potion of ambrosia {unknown}
 B - a potion of flight {unknown}
 D - 2 potions of resistance
 E - 2 potions of brilliance {unknown}
 H - a potion of invisibility {unknown}
 M - 2 potions of cancellation {unknown}
Miscellaneous
 K - a piece from Xom's chessboard (15/15)


   Skills:
 + Level 7.1 Fighting
 + Level 11.5 Axes
 + Level 7.3 Armour
 + Level 3.0 Dodging
 + Level 3.7 Stealth
 + Level 5.1 Shields
 + Level 0.9 Evocations


You had 8 spell levels left.
You didn't know any spells.
Your spell library contained the following spells:

 Spells                   Type           Power      Damage    Failure   Level
 Sandblast                Erth           0%         2d4       100%        1
 Passwall                 Tmut/Erth      0%         N/A       100%        2
 Sublimation of Blood     Necr           0%         N/A       100%        2
 Wereblood                Tmut           0%         N/A       100%        2
 Frozen Ramparts          Ice            0%         1d1       100%        3
 Portal Projectile        Hex/Tloc       0%         N/A       100%        3
 Stone Arrow              Conj/Erth      0%         3d7       100%        3
 Tukima's Dance           Hex            0%         N/A       100%        3
 Ice Form                 Ice/Tmut       0%         N/A       100%        4
 Summon Ice Beast         Ice/Summ       0%         N/A       100%        4
 Alistair's Intoxication  Tmut/Pois      0%         N/A       100%        5
 Blade Hands              Tmut           0%         N/A       100%        5
 Borgnjor's Vile Clutch   Necr/Erth      0%         N/A       100%        5
 Eringya's Noxious Bog    Tmut/Pois      0%         N/A       100%        6
 Summon Hydra             Summ           0%         N/A       100%        7


Dungeon Overview and Level Annotations

Branches:
Dungeon (8/15)             Temple (0/1) D:4
   Lair: D:8-11

Altars:
Fedhas
Nemelex Xobeh
Qazlal
Uskayaw
Yredelemnul

Annotations:
D:6 2 transporters, Thatpatchoflichen's ghost, novice DsHu


Message History

The acid dragon claws you. The orc hits you but does no damage.
The orc warrior hits you with a +0 short sword.
* * * LOW HITPOINT WARNING * * *
You closely miss the acid dragon.
The acid dragon is almost dead.
You hit the orc warrior but do no damage.
You hit the orc. You block the acid dragon's attack. The acid dragon claws you.
* * * LOW HITPOINT WARNING * * *
The orc hits you but does no damage. The orc warrior barely misses you.
Uskayaw will force your foes to helplessly watch your dance.
Uskayaw prepares the audience for your solo!
The helpless acid dragon fails to defend itself.
You slash the acid dragon!
You kill the acid dragon!
The acid dragon scales are intact enough to wear.
The helpless orc warrior fails to defend itself.
You hit the orc warrior.
The helpless orc fails to defend itself.
You slash the orc!
You kill the orc!
The orc warrior is no longer paralysed.
The orc warrior hits you with a +0 short sword!
* * * LOW HITPOINT WARNING * * *
An orc priest comes into view. It is wielding a +0 falchion.
You hit the orc warrior but do no damage.
The orc warrior is lightly wounded.
You are no longer corroded.
The orc warrior barely misses you.
The orc priest begins to cast a cantrip, but forgets the words!
You barely miss the orc warrior.
The orc warrior is lightly wounded.
The orc warrior hits you but does no damage.
You barely miss the orc warrior.
The orc warrior hits you with a +0 short sword!
* * * LOW HITPOINT WARNING * * *
You hit the orc warrior.
The orc warrior is lightly wounded.
The orc priest shouts, "Surrender to Beogh and we'll let you live!"
The orc warrior hits you with a +0 short sword.
You die...

#.# #.. #.# #.#
#####.#####.#
#.........#.#
#.###.###.#.# #.# #.#
#.#.# # # #.###.#
#.#.#####.# ## #.#.#.#
#...).o...##
.###.....###....@[o...#
.'...............)......
.###..........###.....##
## ###.#.####.# .##.## #
###.# #.# .# # #.# #..
.. #.## ### .# #..# .#
##.#


You could see an orc warrior and an orc priest.

Vanquished Creatures
  Pikel (D:5)
  A hornet (D:8)
  Prince Ribbit (D:6)
  Sigmund (D:6)
  Eustachio (D:6)
  An acid dragon (D:8)
  A water moccasin (D:7)
  A sky beast (D:8)
  3 ice beasts
  2 black bears
  2 centaurs
  A phantom (D:7)
  A lemure (D:5)
  A kobold brigand (D:6)
  2 bullfrogs (D:7)
  A necrophage (D:5)
  6 hounds
  A gnoll bouda (D:6)
  2 orc priests
  2 jellies
  2 iguanas
  Jessica (D:2)
  2 orc wizards
  4 gnolls
  9 adders
  A white imp (D:7)
  An ufetubus (D:4)
  3 worms
  4 dart slugs
  18 orcs
  7 ball pythons
  4 endoplasms
  5 giant cockroaches
  5 goblins
  3 hobgoblins
  16 jackals
  14 kobolds
  4 quokkas
  5 bats
  2 frilled lizards
  8 rats
150 creatures vanquished.

Vanquished Creatures (others)
  7 plants
7 creatures vanquished.

Grand Total: 157 creatures vanquished

Notes
Turn   | Place    | Note
-------+----------+-------------------------------------------
     0 | D:1      | hbarley the Hill Orc Fighter began the quest for the Orb.
     0 | D:1      | Reached XP level 1. HP: 19/19 MP: 1/1
   186 | D:1      | Reached XP level 2. HP: 26/27 MP: 2/2
   439 | D:1      | Reached skill level 3 in Axes
   445 | D:1      | Reached XP level 3. HP: 27/33 MP: 3/3
   740 | D:1      | Found a faded altar of an unknown god.
  1399 | D:2      | Reached XP level 4. HP: 29/40 MP: 4/4
  1623 | D:2      | Reached skill level 4 in Axes
  1818 | D:2      | Noticed Jessica
  1830 | D:2      | Killed Jessica
  1831 | D:2      | Reached skill level 5 in Axes
  2150 | D:2      | Reached XP level 5. HP: 46/46 MP: 5/5
  2736 | D:3      | Found a hide-covered altar of Uskayaw.
  2756 | D:3      | Became a worshipper of Uskayaw the Reveller
  2975 | D:3      | Reached * piety under Uskayaw
  2997 | D:3      | Reached ** piety under Uskayaw
  2999 | D:3      | Reached *** piety under Uskayaw
  3041 | D:3      | Found a blossoming altar of Fedhas.
  3091 | D:3      | Found a sparkling altar of Nemelex Xobeh.
  3417 | D:4      | Reached skill level 6 in Axes
  3417 | D:4      | Reached XP level 6. HP: 35/53 MP: 6/6
  3636 | D:4      | Found a staircase to the Ecumenical Temple.
  4674 | D:5      | Entered Level 5 of the Dungeon
  4678 | D:5      | Found a stormy altar of Qazlal.
  4688 | D:5      | Reached skill level 1 in Dodging
  4717 | D:5      | Reached **** piety under Uskayaw
  4718 | D:5      | Reached skill level 7 in Axes
  4719 | D:5      | Reached skill level 1 in Stealth
  4719 | D:5      | Reached XP level 7. HP: 50/60 MP: 7/7
  4721 | D:5      | Reached ***** piety under Uskayaw
  4882 | D:5      | Noticed Pikel
  4894 | D:5      | Killed Pikel
  4895 | D:5      | Reached skill level 5 in Fighting
  4895 | D:5      | Reached skill level 8 in Axes
  4895 | D:5      | Reached XP level 8. HP: 32/69 MP: 8/8
  5217 | D:5      | Reached skill level 5 in Armour
  5259 | D:5      | Reached skill level 9 in Axes
  5738 | D:6      | Noticed Eustachio
  5766 | D:6      | Killed Eustachio
  6051 | D:6      | Reached skill level 10 in Axes
  6051 | D:6      | Reached XP level 9. HP: 61/75 MP: 9/9
  6321 | D:6      | Noticed Sigmund
  6328 | D:6      | Killed Sigmund
  6542 | D:6      | Identified the +0 kite shield "Loikunet" {Regen+}
  6582 | D:6      | Noticed Prince Ribbit
  6613 | D:6      | Found a transporter.
  6614 | D:6      | Found a transporter.
  6618 | D:6      | Killed Prince Ribbit
  7173 | D:6      | Noticed Thatpatchoflichen's ghost (novice DsHu)
  7246 | D:6      | Identified the ring "Ugoam" {rN++ Int+6 Dex+4}
  7515 | D:7      | Identified the +9 shortbow "Wuigewum" {vorpal, *Corrode
                  | Will++ MP+9 Dex+2}
  7756 | D:7      | Reached skill level 11 in Axes
  7805 | D:7      | Found a basalt altar of Yredelemnul.
  8499 | D:8      | Noticed a hornet
  8506 | D:8      | Paralysed by a hornet for 2 turns
  8514 | D:8      | Killed a hornet
  8515 | D:8      | Reached skill level 5 in Shields
  9095 | D:8      | HP: 3/79 [orc warrior/+0 short sword (8)]
  9096 | D:8      | Slain by an orc warrior

Illustrated notes

Levels and vault maps discovered:
D:1:      eino_arrival_cavern_d, layout_loops_ring,
          chequers_ecumenical_altar_simple_redux, minmay_pentomino_s2
D:2:      layout_basic, minmay_door_square, grunt_ministairs_12,
          chequers_big_river, uniq_jessica
D:3:      layout_loops_ring, nicolae_uskayaw_murder_on_the_dancefloor,
          nicolae_overflow_squiral
D:4:      layout_cave_pods, temple_statues
D:5:      layout_basic, kennysheep_mini, uniq_pikel
D:6:      layout_basic, gammafunk_ghost_gnarly_gnolls, uniq_eustachio,
          uniq_prince_ribbit1, uniq_sigmund
D:7:      layout_basic, lemuel_crystal_altar, hellmonk_bongcloud_opening,
          nicolae_kite_square_tiling_tiny
D:8:      layout_loops_corners, nicolae_overflow_hidden_temple,
          mainiacjoe_overflow_small_starburst, ebering_ghost_reflecting_pool

Skill      XL: |  1  2  3  4  5  6  7  8  9 |
---------------+----------------------------+-----
Axes           | 3 5 6 7 8 10 11 | 11.5
Fighting       | 4 5 6 7 |  7.1
Armour         | 4 5 7 |  7.3
Dodging        | 1 2 3 |  3.0
Stealth        | 1 2 3 |  3.7
Shields        | 4 5 |  5.1
Evocations     | |  0.9

Action                   |  1- 3 |  4- 6 |  7- 9 || total
-------------------------+-------+-------+-------++-------
Melee: War axe           |   101 |   179 |   214 ||   494
Evoke: Wand              |       |       |     4 ||     4
  Use: Scroll            |       |       |     4 ||     4
 Stab: Paralysed         |       |     6 |    15 ||    21
Armor: Scale mail        |    65 |    85 |    82 ||   232
       Crystal plate arm |       |       |    15 ||    15
Dodge: Dodged            |    59 |    89 |   146 ||   294
Block: Buckler           |    19 |    45 |    62 ||   126
